 Dungeon Crawl Stone Soup version 0.29.1-2-gbd0b4ee654 (webtiles) character file.

Game seed: 17148096793749594210

88 croobank the Conjurer (level 4, 0/32 HPs)
             Began as a Demonspawn Conjurer on Nov 30, 2022.
             Slain by an orc
             ... wielding a +0 club
              (1 damage)
             ... on level 3 of the Dungeon.
             The game lasted 00:07:48 (4078 turns).

croobank the Conjurer (Demonspawn Conjurer)         Turns: 4078, Time: 00:07:49

Health: 0/32       AC:  2    Str:  8    XL:     4   Next: 30%
Magic:  4/7        EV: 12    Int: 21    God:
Gold:   150        SH:  0    Dex: 11    Spells: 1/8 levels left

rFire   . . .      SeeInvis .   n - +0 dagger (venom)
rCold   . . .      Faith    .   (no shield)
rNeg    . . .      Spirit   .   a - +0 robe
rPois   .          Reflect  .   (no helmet)
rElec   .          Harm     .   (no cloak)
rCorr   .          Rampage  .   (no gloves)
Will    .....                   (no boots)
Stlth   ++........              (no amulet)
HPRegen 0.10/turn               (no ring)
MPRegen 0.10/turn               (no ring)

@: no status effects
A: hooves 2, demonic touch 1
a: no special abilities


You were on level 3 of the Dungeon.
You visited 1 branch of the dungeon, and saw 3 of its levels.

You collected 150 gold pieces.

Inventory:

Hand Weapons
 c - a +0 short sword
 g - a +0 war axe
 n - a +0 dagger of venom (weapon)
 q - a +0 falchion
Armour
 a - a +0 robe (worn)
Scrolls
 d - 7 scrolls of teleportation {unknown}
 e - 2 scrolls of blinking {unknown}
 f - a scroll of amnesia {unknown}
 j - a scroll of butterflies {unknown}
 l - a scroll of torment {unknown}
 o - a scroll of summoning {unknown}
 p - a scroll of enchant armour {unknown}
Potions
 b - a potion of resistance {unknown}
 h - 2 potions of attraction {unknown}
 i - 3 potions of curing {unknown}
 k - a potion of mutation {unknown}
 r - a potion of degeneration {unknown}
 s - a potion of heal wounds {unknown}


   Skills:
 + Level 1.3 Fighting
 + Level 2.3 Dodging
 + Level 2.5 Stealth
 + Level 2.6 Spellcasting
 + Level 4.4 Conjurations
 + Level 0.0 Hexes
 + Level 0.1 Translocations


You had one spell level left.
You knew the following spells:

 Your Spells              Type           Power      Damage    Failure   Level
a - Magic Dart            Conj           84%        1d7       2%          1
b - Searing Ray           Conj           42%        2d6       3%          2
c - Dazzling Flash        Conj/Hex       24%        N/A       17%         3
d - Apportation           Tloc           6%         N/A       13%         1

Your spell library contained the following spells:

 Spells                   Type           Power      Damage    Failure   Level
 Iskenderun's Mystic Bla  Conj/Tloc      12%        2d5       47%         4
 Fulminant Prism          Conj/Hex       6%         3d7       50%         4
 Alistair's Intoxication  Tmut/Pois      1%         N/A       98%         5


Dungeon Overview and Level Annotations

Branches:
Dungeon (3/15)

Altars:
Makhleb
Trog

Annotations:
D:3 2 transporters, lotum's ghost, amateur DsAK


Innate Abilities, Weirdness & Mutations

You have hoof-like feet.
Your touch may inflict minor irresistible damage on your foes.


Message History

Aim: an orc wizard, wielding a +0 dagger and wearing a +0 robe (severely wounded, 100% to hit)
The magic dart hits the orc wizard but does no damage.
The orc wizard is severely wounded.
The orc wizard gestures at you while chanting.
The magic dart hits you!
An orc comes into view. It is wielding a +0 morningstar.
An orc comes into view. It is wielding a +0 short sword.
The orc wizard gestures wildly while chanting.
The orc wizard flickers and vanishes!
Deactivating autopickup; reactivate with Ctrl-A.
There's nothing to close nearby.
Unknown command.
Casting: Magic Dart (safe; 2% risk of failure)
Confirm with . or Enter, or press ? or * to list all spells.
Okay, then.
Casting: Magic Dart (safe; 2% risk of failure)
Confirm with . or Enter, or press ? or * to list all spells.
Casting: Dazzling Flash (quite dangerous; 17% risk of failure)
Press: ? - help, Dir - look around, f - activate Something hits you.
You miss something. Your kick misses something. Something hits you.
Magic courses through your body. The orc closely misses you.
Something hits you.
Casting: Dazzling Flash (quite dangerous; 17% risk of failure)
Confirm with . or Enter, or press ? or * to list all spells.
Casting: Dazzling Flash (quite dangerous; 17% risk of failure)
Press: ? - help, Dir - look around, f - activate The orc is dazzled. x2; The orc splashes around in the water.
The orc closely misses you. The orc closely misses you.
You barely miss something. Your kick misses something.
The orc closely misses you. Something hits you. The orc closely misses you.
The orc shouts!
You hit something. Your touch misses something.
You hear some strange, mumbled words.
A puff of flame appears from out of thin air!
The puff of flame hits you!
* * * LOW HITPOINT WARNING * * *
The orc hits you with a +0 club.
You die...

#..(.......#.#.#.#.#.
#.~)P⌠~~P⌠..#.#.#.#.#
##.~P...P.....#.#.#.#.
#..~.####.P..#.#.#.#.#
#..~P#_.PP⌠..#########
#.)P.####.~..#
#..⌠....†.⌠..#
#..o{~~~~~~..#
#...o@o......#
#...###o.....# # ##...
.......# ##
######......# #.
#......# #. #oo....#
#. #...#### ##. #oo.#
#.. #.#


You could see 4 orcs.

Vanquished Creatures
  Jessica (D:2)
  An adder (D:2)
  2 dart slugs
  5 endoplasms
  2 giant cockroaches
  4 goblins
  5 hobgoblins
  6 jackals (D:1)
  5 ball pythons
  4 bats
  3 frilled lizards (D:1)
  5 kobolds
  3 rats
46 creatures vanquished.

Notes
Turn   | Place    | Note
-------+----------+-------------------------------------------
     0 | D:1      | croobank the Demonspawn Conjurer began the quest for the
                  | Orb.
     0 | D:1      | Reached XP level 1. HP: 13/13 MP: 3/3
   573 | D:1      | Discovered your monstrous ancestry.
   573 | D:1      | Gained mutation: You have large cloven feet. [demonic
                  | ancestry]
   573 | D:1      | Reached XP level 2. HP: 19/19 MP: 5/5
   576 | D:1      | Learned a level 2 spell: Searing Ray
  1994 | D:1      | Gained mutation: Your touch may inflict minor irresistible
                  | damage on your foes. [demonic ancestry]
  1994 | D:1      | Reached XP level 3. HP: 25/25 MP: 3/6
  1998 | D:1      | Learned a level 3 spell: Dazzling Flash
  2780 | D:2      | Reached skill level 1 in Fighting
  3080 | D:2      | Noticed Jessica
  3086 | D:2      | Killed Jessica
  3087 | D:2      | Gained mutation: You have hoof-like feet. [demonic
                  | ancestry]
  3087 | D:2      | Reached XP level 4. HP: 32/32 MP: 4/7
  3409 | D:2      | Found a bloodstained altar of Trog.
  3812 | D:3      | Learned a level 1 spell: Apportation
  3839 | D:3      | Found a transporter.
  3846 | D:3      | Found a transporter.
  3853 | D:3      | Noticed lotum's ghost (amateur DsAK)
  3862 | D:3      | Found a burning altar of Makhleb.
  4013 | D:3      | Found a faded altar of an unknown god.
  4078 | D:3      | HP: 1/32 [something/puff of flame (12)]
  4078 | D:3      | Slain by an orc

Illustrated notes

Levels and vault maps discovered:
D:1:      denvon_arrival_hothouse, layout_basic, st_stairs_8,
          lemuel_flame_loot_1
D:2:      layout_basic, basic_altar, interstate_on_off, uniq_jessica
D:3:      layout_basic, mainiacjoe_overflow_tiny_flanked,
          gammafunk_ghost_stat_death, shapermc_ecumenical_altar_acropolis

Skill      XL: |  1  2  3 |
---------------+----------+-----
Stealth        | 2 |  2.5
Dodging        | 2 |  2.3
Fighting       | 1 |  1.3
Spellcasting   | |  2.6
Conjurations   | |  4.4
Translocations | |  0.1

Action                   |  1- 3 |  4- 6 || total
-------------------------+-------+-------++-------
Melee: Unarmed           |     9 |       ||     9
       Short sword       |     4 |       ||     4
       Dagger            |     1 |     3 ||     4
 Cast: Magic Dart        |    47 |    24 ||    71
       Searing Ray       |     9 |     5 ||    14
       Dazzling Flash    |       |     2 ||     2
  Use: Potion            |     1 |     1 ||     2
 Stab: Sleeping          |     5 |       ||     5
Armor: Robe              |     4 |       ||     4
Dodge: Dodged            |    16 |     7 ||    23
